 Dungeon Crawl Stone Soup version 0.27-a0-1202-ge72e49191c (webtiles) character file.

Game seed: 7376872612785501353

62 27snakeeyes612 the Skirmisher (level 4, -3/42 HPs)
             Began as a Naga Fighter on June 4, 2021.
             Slain by a worm (6 damage)
             ... on level 3 of the Dungeon.
             The game lasted 00:01:02 (1450 turns).

27snakeeyes612 the Skirmisher (Naga Fighter)        Turns: 1450, Time: 00:01:03

Health: -3/42      AC:  6    Str: 19    XL:     4   Next: 8%
Magic:  4/4        EV:  5    Int:  8    God:
Gold:   178        SH:  9    Dex: 11    Spells: 3/3 levels left

rFire    . . .     SeeInvis +   a - +0 war axe
rCold    . . .     Faith    .   c - +0 kite shield
rNeg     . . .     Spirit   .   b - +0 scale mail
rPois    +         Reflect  .   h - +0 helmet
rElec    .         Harm     .   (no cloak)
rCorr    .         Rampage  .   (no gloves)
Will     .....                  (no barding)
Stlth    ..........             (no amulet)
HPRegen  0.14/turn              (no ring)
MPRegen  0.09/turn              (no ring)

@: mighty, very slow
A: AC +1, large, see invisible, deformed body, poison resistance, slowness 2,
spit poison 1, naga tail 1
a: Spit Poison


You were on level 3 of the Dungeon.
You visited 1 branch of the dungeon, and saw 3 of its levels.

You collected 178 gold pieces.

Inventory:

Hand Weapons
 a - a +0 war axe (weapon)
Armour
 b - a +0 scale mail (worn)
 c - a +0 kite shield (worn)
 h - a +0 helmet (worn)
Jewellery
 j - an amulet of reflection
Wands
 i - a wand of iceblast (4)
Scrolls
 g - 2 scrolls of teleportation {unknown}
Potions
 e - a potion of berserk rage {unknown}
 f - 2 potions of degeneration {unknown}
 k - a potion of cancellation {unknown}
 l - a potion of haste {unknown}


   Skills:
 + Level 3.5 Fighting
 + Level 2.6 Axes
 + Level 2.9 Armour
 + Level 0.2 Dodging
 + Level 2.8 Shields


You had 3 spell levels left.
You didn't know any spells.
Your spell library contained the following spells:

 Spells                   Type           Power      Damage    Failure   Level
 Animate Skeleton         Necr           0%         N/A       99%         1
 Corona                   Hex            0%         N/A       99%         1
 Freeze                   Ice            0%         1d3       99%         1
 Shock                    Conj/Air       0%         1d3       99%         1
 Sting                    Tmut/Pois      0%         1d3       99%         1


Dungeon Overview and Level Annotations

Branches:
Dungeon (3/15)

Altars:


Innate Abilities, Weirdness & Mutations

Your serpentine skin is tough. (AC +1)
You have supernaturally acute eyesight. (SInv)
Armour fits poorly on your strangely shaped body.
Your system is resistant to poisons. (rPois)
You cover ground very slowly.
You can spit poison.
You have a snake-like lower body.


Message History

You are too injured to fight recklessly!
You are too injured to fight recklessly!
You are too injured to fight recklessly!
You are too injured to fight recklessly!
You are too injured to fight recklessly!
You are too injured to fight recklessly!
You are too injured to fight recklessly!
You are too injured to fight recklessly!
You are too injured to fight recklessly!
You are too injured to fight recklessly!
You are too injured to fight recklessly!
You are too injured to fight recklessly!
You are too injured to fight recklessly!
You are too injured to fight recklessly!
You are too injured to fight recklessly!
Unknown command.
Press: ? - help, v - describe, . - travel
Here: a hobgoblin, wielding a staff of earth (wandering, hasn't noticed you)
The floor.
You feel very mighty all of a sudden.
The hobgoblin shouts!
You block the bat's attack. The worm bites you.
* * * LOW HITPOINT WARNING * * *
You barely miss the worm. The bat barely misses you.
You block the worm's attack.
You barely miss the worm. You completely miss the bat.
You block the bat's attack. x3; The worm bites you.
* * * LOW HITPOINT WARNING * * *
You hit the worm.
The worm is moderately wounded.
The bat hits you.
* * * LOW HITPOINT WARNING * * *
You block the hobgoblin's attack. The worm bites you.
* * * LOW HITPOINT WARNING * * *
You slash the hobgoblin!
You kill the hobgoblin!
You hit the worm. You block the bat's attack.
An adder comes into view.
The worm bites you.
You die...

#...### #..<... #
##..### .. ### #
#..### .. ..# #..#
#....# #.#.###.###..#
#.##.# #.......b....#
#.##.# .......|w....#
#.##.#
##@###.)######.##.#
##..)##.......#.##.#
.#.....#.!.###.#.##.#
#.......).....#.#.##.#
#.#.....#.#.#.....##.#
...##...##.S.....###
### ##.###.#.#.###
####..#.##.# #.#....
#.#


You could see a worm, an adder (wandering) and a bat.

Vanquished Creatures
  A jelly (D:2)
  A worm (D:2)
  A dart slug (D:1)
  3 ball pythons
  An endoplasm (D:2)
  A giant cockroach (D:1)
  4 hobgoblins
  2 quokkas (D:1)
  3 bats
  2 frilled lizards
  3 goblins
  3 kobolds
  4 rats
29 creatures vanquished.

Notes
Turn   | Place    | Note
-------+----------+-------------------------------------------
     0 | D:1      | 27snakeeyes612 the Naga Fighter began the quest for the
                  | Orb.
     0 | D:1      | Reached XP level 1. HP: 21/21 MP: 1/1
   249 | D:1      | You fall into a shaft and drop 1 floor!
   268 | D:2      | Reached XP level 2. HP: 23/28 MP: 2/2
   346 | D:2      | Reached XP level 3. HP: 18/34 MP: 3/3
   502 | D:2      | Identified Itajakeg's Secret Knowledge for Novices
   814 | D:1      | Found a faded altar of an unknown god.
  1237 | D:2      | Reached XP level 4. HP: 42/42 MP: 4/4
  1450 | D:3      | Slain by a worm

Illustrated notes

Levels and vault maps discovered:
D:1:      kennysheep_arrival_forest, layout_rooms,
          shapermc_ecumenical_altar_mp_highgroup, minmay_tetromino_l4
D:2:      layout_rooms, serial_bayou, serial_bayou_pond_d, serial_bayou_ford_a,
          serial_bayou_shore_b, serial_bayou_pond_d, serial_bayou_pond_b,
          minmay_stone_trees_small
D:3:      layout_loops_ring, hellmonk_ghost_happy_afterlife, uniq_natasha

Action                   |  1- 3 |  4- 6 || total
-------------------------+-------+-------++-------
Melee: War axe           |    61 |    25 ||    86
  Use: Potion            |       |     1 ||     1
Armor: Scale mail        |    20 |    16 ||    36
Dodge: Dodged            |    12 |     8 ||    20
Block: Kite shield       |    33 |    18 ||    51

Table legend: (Time is in decaauts)
 A = Elapsed time spent in this place.
 B = Non-inter-level travel time spent in this place.
 C = Inter-level travel time spent in this place.
 D = Time resting spent in this place.
 E = Time spent auto-exploring this place.
 F = Levels seen in this place.
 G = Mean time per level.
                   A        B        C        D        E       F      G
               +--------+--------+--------+--------+--------+-----+--------+
         Total |   1823 |   1765 |     58 |      0 |   1515 |   3 |  607.7 |
       Dungeon |   1823 |   1765 |     58 |      0 |   1515 |   3 |  607.7 |
               +--------+--------+--------+--------+--------+-----+--------+

Top non-repeatable levels by time:
     D:2: 872 daAuts
     D:1: 811 daAuts
     D:3: 140 daAuts
